 Dungeon Crawl Stone Soup version 0.29.1-1-gd02db6906a (webtiles) character file.

Game seed: 18141650377138304847

82 Ashen the Chiller (level 4, 32/32 HPs)
             Began as a Demonspawn Ice Elementalist on Sept 26, 2022.
             Got out of the dungeon alive.
             The game lasted 00:03:11 (1539 turns).

Ashen the Chiller (Demonspawn Ice Elementalist)     Turns: 1539, Time: 00:03:12

Health: 32/32      AC:  3    Str:  8    XL:     4   Next: 21%
Magic:  8/8        EV: 12    Int: 18    God:
Gold:   26         SH:  0    Dex: 14    Spells: 1/8 levels left

rFire   . . .      SeeInvis .   c - +0 short sword
rCold   . . .      Faith    .   (no shield)
rNeg    . . .      Spirit   .   a - +0 robe
rPois   .          Reflect  .   b - +0 helmet
rElec   .          Harm     .   (no cloak)
rCorr   .          Rampage  .   (no gloves)
Will    .....                   (no boots)
Stlth   ++........              (no amulet)
HPRegen 0.10/turn               (no ring)
MPRegen 0.11/turn               (no ring)

@: no status effects
A: ignite blood 1, spiny 1
a: no special abilities


You escaped.
You visited 1 branch of the dungeon, and saw 2 of its levels.

You collected 26 gold pieces.

Inventory:

Hand Weapons
 c - a +0 short sword (weapon)
Armour
 a - a +0 robe (worn)
 b - a +0 helmet (worn)
Potions
 d - 2 potions of haste
 e - a potion of heal wounds {unknown}
 f - 4 potions of might {unknown}
 g - a potion of cancellation {unknown}


   Skills:
 + Level 1.1 Fighting
 + Level 2.2 Dodging
 + Level 2.4 Stealth
 * Level 2.7 Spellcasting
 * Level 4.1 Ice Magic


You had one spell level left.
You knew the following spells:

 Your Spells              Type           Power      Damage    Failure   Level
a - Freeze                Ice            68%        1d8       3%          1
b - Frozen Ramparts       Ice            34%        1d6       9%          3
c - Ozocubu's Armour      Ice            17%        N/A       9%          3

Your spell library contained the following spells:

 Spells                   Type           Power      Damage    Failure   Level
 Hailstorm                Conj/Ice       9%         3d4       56%         4


Dungeon Overview and Level Annotations

Branches:
Dungeon (2/15)

Altars:

Shops:
D:1 *


Innate Abilities, Weirdness & Mutations

Your demonic aura sometimes causes spilled blood to erupt in flames.
You are partially covered in sharp spines.


Message History

You open the door.
Found a hand axe.
Found an escape hatch in the floor.
There is an open door here.
You open the door.
There is an open door here.
A frilled lizard comes into view.
The frilled lizard hisses angrily.
The frilled lizard bites you but does no damage.
You barely miss the frilled lizard. The frilled lizard bites you.
You hit the frilled lizard.
You kill the frilled lizard!
Casting: Freeze (safe; 3% risk of failure)
Confirm with . or Enter, or press ? or * to list all spells.
You don't know that spell.
f - 4 fuming inky potions (gained 3)
Found Luizyemp's Assorted Antiques.
There is an entrance to Luizyemp's Assorted Antiques here.
You can access your shopping list by pressing '$'.
A kobold comes into view. It is wielding a +0 club.
The helpless kobold fails to defend itself.
You puncture the kobold!
You kill the kobold!
(D) Dungeon
Where to? (? - help)
Okay, then.
Things that are here:
a +0 club; 2 stones
Found 9 gold pieces.
There is an open door here.
You see here a +0 dagger.
There is an open door here.
There is an open door here.
There is an open door here.
You open the door.
There is an open door here.
There is a staircase leading out of the dungeon here.
Are you sure you want to leave the Dungeon?
This will make you lose the game!
Alright, then stay!
Are you sure you want to leave the Dungeon?
This will make you lose the game!
You have escaped!

.###.##......# .#
#......##.# .# #.#########
.# #'# ### .###.## ##.##
.##...## ##...## ##.....##
##.....## #.......##
##.......#### .........#
#....@....'.#
#.......#####.......##'#
##.....###.###.....###.##
###...###...###...###...##
.###.###.....###.###.....##
..##'##.......##'##.......##
...'.'.........'.+.........#
..##'##.......##'##.......##
.###.###.....###.###.....##


There were no monsters in sight!

Vanquished Creatures
  Natasha (D:2)
  A gnoll (D:1)
  2 adders (D:2)
  3 bats (D:1)
  An endoplasm (D:2)
  5 goblins
  4 hobgoblins
  3 quokkas
  A ball python (D:2)
  A frilled lizard (D:1)
  4 kobolds
  5 rats (D:1)
31 creatures vanquished.

Notes
Turn   | Place    | Note
-------+----------+-------------------------------------------
     0 | D:1      | Ashen the Demonspawn Ice Elementalist began the quest for
                  | the Orb.
     0 | D:1      | Reached XP level 1. HP: 13/13 MP: 3/3
   402 | D:1      | Gained mutation: Your demonic aura sometimes causes spilled
                  | blood to erupt in flames. [demonic ancestry]
   402 | D:1      | Reached XP level 2. HP: 14/19 MP: 1/5
   499 | D:1      | You fall into a shaft and drop 1 floor!
   503 | D:2      | Noticed Natasha
   535 | D:2      | Noticed a crimson imp
   539 | D:2      | Killed Natasha
   540 | D:2      | Reached XP level 3. HP: 8/25 MP: 0/6
   555 | D:2      | Reached skill level 4 in Ice Magic
  1071 | D:2      | Reached skill level 1 in Fighting
  1088 | D:1      | Learned a level 3 spell: Frozen Ramparts
  1092 | D:1      | Learned a level 3 spell: Ozocubu's Armour
  1146 | D:1      | Gained mutation: You are partially covered in sharp spines.
                  | [demonic ancestry]
  1146 | D:1      | Reached XP level 4. HP: 32/32 MP: 5/8
  1465 | D:1      | Found Luizyemp's Assorted Antiques.
  1539 | D:$      | Got out of the dungeon alive.

Illustrated notes

Levels and vault maps discovered:
D:1:      elethiomel_arrival_diamonds, layout_basic, serial_shops, shop,
          minmay_heptomino_l4
D:2:      minmay_spotlight, layout_basic, hangedman_decor_clover_reticule,
          minmay_small_reverse_x, uniq_robin, uniq_jessica, uniq_natasha

Skill      XL: |  1  2  3 |
---------------+----------+-----
Stealth        | 2 |  2.4
Dodging        | 2 |  2.2
Ice Magic      | 4 |  4.1
Fighting       | 1 |  1.1
Spellcasting   | |  2.7

Action                   |  1- 3 |  4- 6 || total
-------------------------+-------+-------++-------
Melee: Short sword       |    26 |    12 ||    38
       Unarmed           |    11 |       ||    11
       Punch             |     1 |       ||     1
 Cast: Freeze            |    32 |       ||    32
  Use: Potion            |     1 |       ||     1
 Stab: Sleeping          |     3 |     3 ||     6
Armor: Robe              |    16 |     3 ||    19
Dodge: Dodged            |    59 |     3 ||    62
